[ AOE2 MATCH · #495286096 ]
UnrankedHuns vs Magyars
Player's team · LOSS
Rival team · WIN
[ REPLAY ANALYSIS · EXTRACTED FROM THE RECORDED GAME ]
Feudal
9:16
Castle
27:46
Imperial
—
| APM avg | 47.5 |
| APM peak | 87 |
| eAPM avg | 25.5 |
| Villagers / military | 180 / 98 |
Focus
⚔️ 33.4% · 🌾 66.6%
Knight ×47 · Scout Cavalry ×21 · Spearman ×11 · Skirmisher ×9 · Battering Ram ×4 · Monk ×3
Feudal
8:50
Castle
25:49
Imperial
50:18
| APM avg | 52.5 |
| APM peak | 79 |
| eAPM avg | 18.3 |
| Villagers / military | 174 / 109 |
Focus
⚔️ 33.5% · 🌾 66.5%
Cavalry Archer ×77 · Knight ×12 · Scout Cavalry ×12 · Petard ×4 · Monk ×2 · Spearman ×1
Match map
Initial resources + every placement click. Lines = walls · curves = elevation contours. ◆ gold · ⬟ stone · ● berries · ✦ relic · ◌ wall gap
Your base· Open — unwalled flank
Jak3y's base· Open — 9t gap
Smoothed initial terrain · ◌ = detected wall gap · hover for details
Inputs per minute
— Mingzhou - - Jak3y
Build order — Mingzhou
First 150 of 443 actions detected
| 0:01 | Queue | Villager (Male) |
| 0:01 | Queue | Villager (Male) |
| 0:08 | Queue | Villager (Male) |
| 0:09 | Queue | Villager (Male) |
| 1:19 | Queue | Villager (Male) |
| 1:46 | Build | Lumber Camp |
| 1:48 | Queue | Villager (Male) |
| 2:14 | Queue | Villager (Male) |
| 2:15 | Queue | Villager (Male) |
| 2:42 | Queue | Villager (Male) |
| 2:42 | Queue | Villager (Male) |
| 3:09 | Queue | Villager (Male) |
| 3:32 | Queue | Villager (Male) |
| 3:32 | Queue | Villager (Male) |
| 3:32 | Queue | Villager (Male) |
| 4:27 | Queue | Villager (Male) |
| 4:27 | Queue | Villager (Male) |
| 4:28 | Queue | Villager (Male) |
| 4:28 | Queue | Villager (Male) |
| 4:29 | Queue | Villager (Male) |
| 4:29 | Queue | Villager (Male) |
| 5:07 | Build | Mill |
| 6:41 | Research | Loom |
| 6:41 | Research | Loom |
| 7:05 | Research | Feudal Age |
| 7:05 | Research | Feudal Age |
| 7:21 | Queue | Villager (Male) |
| 7:21 | Queue | Villager (Male) |
| 8:24 | Queue | Villager (Male) |
| 8:46 | Build | Barracks |
| 9:16 | Age | Feudal Age |
| 9:22 | Build | Archery Range |
| 9:22 | Queue | Spearman |
| 9:23 | Queue | Spearman |
| 9:33 | Research | Double-Bit Axe |
| 9:56 | Build | Watch Tower |
| 10:36 | Queue | Spearman |
| 10:36 | Queue | Skirmisher |
| 10:46 | Build | Watch Tower |
| 10:56 | Queue | Spearman |
| 11:08 | Queue | Skirmisher |
| 11:13 | Queue | Spearman |
| 11:59 | Queue | Villager (Male) |
| 12:14 | Queue | Villager (Male) |
| 12:16 | Queue | Spearman |
| 12:26 | Queue | Villager (Male) |
| 12:27 | Build | Farm |
| 12:59 | Queue | Villager (Male) |
| 13:05 | Queue | Spearman |
| 13:12 | Queue | Villager (Male) |
| 13:30 | Build | Farm |
| 13:31 | Build | Farm |
| 13:36 | Queue | Skirmisher |
| 13:42 | Build | Farm |
| 13:54 | Build | Blacksmith |
| 14:00 | Queue | Villager (Male) |
| 14:01 | Queue | Villager (Male) |
| 14:13 | Queue | Skirmisher |
| 14:23 | Queue | Skirmisher |
| 14:47 | Queue | Skirmisher |
| 14:48 | Queue | Villager (Male) |
| 14:49 | Build | Farm |
| 14:50 | Build | Farm |
| 15:15 | Queue | Villager (Male) |
| 15:19 | Research | Fletching |
| 15:19 | Research | Fletching |
| 15:51 | Queue | Villager (Male) |
| 15:54 | Build | Farm |
| 15:54 | Build | Farm |
| 15:59 | Queue | Spearman |
| 16:17 | Queue | Spearman |
| 16:41 | Queue | Villager (Male) |
| 16:58 | Queue | Villager (Male) |
| 17:01 | Queue | Spearman |
| 17:29 | Build | Farm |
| 17:44 | Queue | Villager (Male) |
| 17:45 | Queue | Villager (Male) |
| 17:55 | Build | Farm |
| 18:05 | Queue | Villager (Male) |
| 18:18 | Queue | Villager (Male) |
| 18:19 | Build | Farm |
| 18:20 | Queue | Villager (Male) |
| 18:20 | Queue | Villager (Male) |
| 18:24 | Build | Lumber Camp |
| 18:30 | Build | Mining Camp |
| 18:35 | Queue | Skirmisher |
| 18:46 | Build | Farm |
| 18:46 | Build | Farm |
| 19:04 | Queue | Villager (Male) |
| 19:07 | Build | Mining Camp |
| 19:25 | Queue | Villager (Male) |
| 19:41 | Queue | Skirmisher |
| 19:42 | Queue | Skirmisher |
| 19:48 | Queue | Villager (Male) |
| 19:51 | Build | Farm |
| 19:51 | Build | Farm |
| 20:00 | Build | Farm |
| 20:14 | Queue | Spearman |
| 20:42 | Queue | Villager (Male) |
| 20:45 | Build | Farm |
| 20:54 | Queue | Villager (Male) |
| 20:57 | Build | Farm |
| 20:57 | Build | Farm |
| 21:21 | Queue | Villager (Male) |
| 21:49 | Queue | Villager (Male) |
| 22:03 | Queue | Villager (Male) |
| 22:06 | Build | Farm |
| 22:36 | Build | Watch Tower |
| 22:48 | Queue | Villager (Male) |
| 22:49 | Queue | Villager (Male) |
| 22:50 | Research | Padded Archer Armor |
| 22:55 | Build | Market |
| 22:56 | Build | Farm |
| 22:57 | Build | Farm |
| 23:01 | Build | Farm |
| 23:01 | Build | Farm |
| 23:03 | Queue | Villager (Male) |
| 23:23 | Queue | Villager (Male) |
| 23:46 | Queue | Villager (Male) |
| 24:03 | Build | Palisade Wall |
| 24:04 | Build | Palisade Wall |
| 24:06 | Build | Palisade Wall |
| 24:12 | Queue | Villager (Male) |
| 24:23 | Build | Farm |
| 24:23 | Build | Farm |
| 24:31 | Build | Stable |
| 25:06 | Research | Castle Age |
| 25:06 | Research | Castle Age |
| 25:23 | Build | Stable |
| 25:59 | Research | Scale Barding Armor |
| 26:00 | Research | Scale Barding Armor |
| 26:01 | Research | Bloodlines |
| 26:02 | Research | Bloodlines |
| 27:23 | Build | Farm |
| 27:25 | Queue | Villager (Male) |
| 27:35 | Queue | Villager (Male) |
| 27:46 | Age | Castle Age |
| 27:47 | Queue | Knight |
| 27:47 | Queue | Knight |
| 27:48 | Queue | Knight |
| 27:48 | Queue | Knight |
| 27:50 | Build | Town Center |
| 28:05 | Build | Town Center |
| 28:11 | Queue | Knight |
| 28:12 | Queue | Knight |
| 28:13 | Queue | Villager (Male) |
| 28:15 | Research | Bow Saw |
| 28:15 | Research | Bow Saw |
| 28:17 | Research | Forging |
| 28:18 | Research | Forging |
Build order — Jak3y
First 150 of 314 actions detected
| 0:00 | Queue | Villager (Male) |
| 0:00 | Queue | Villager (Male) |
| 0:02 | Build | House |
| 0:03 | Build | House |
| 0:20 | Queue | Villager (Male) ×2 |
| 1:28 | Build | Mill |
| 1:37 | Queue | Villager (Male) |
| 2:03 | Queue | Villager (Male) |
| 2:27 | Queue | Villager (Male) |
| 2:49 | Queue | Villager (Male) |
| 2:50 | Queue | Villager (Male) |
| 2:50 | Queue | Villager (Male) |
| 3:14 | Queue | Villager (Male) |
| 3:34 | Queue | Villager (Male) |
| 3:46 | Build | House |
| 4:07 | Queue | Villager (Male) |
| 4:07 | Queue | Villager (Male) |
| 4:08 | Queue | Villager (Male) |
| 4:08 | Queue | Villager (Male) |
| 4:31 | Queue | Villager (Male) |
| 4:53 | Queue | Villager (Male) |
| 5:27 | Build | Lumber Camp |
| 6:13 | Research | Loom |
| 6:31 | Research | Feudal Age |
| 6:32 | Research | Feudal Age |
| 7:12 | Build | House |
| 7:13 | Build | Palisade Wall |
| 8:10 | Build | Barracks |
| 8:26 | Queue | Villager (Male) |
| 8:50 | Age | Feudal Age |
| 8:54 | Build | Stable |
| 9:07 | Research | Double-Bit Axe |
| 9:18 | Build | House |
| 9:22 | Queue | Villager (Male) |
| 9:32 | Queue | Spearman |
| 9:34 | Research | Horse Collar |
| 9:36 | Queue | Scout Cavalry |
| 9:36 | Queue | Scout Cavalry |
| 9:45 | Build | House |
| 9:46 | Build | Palisade Wall |
| 9:49 | Build | Palisade Wall |
| 9:49 | Queue | Villager (Male) |
| 9:49 | Queue | Villager (Male) |
| 10:06 | Build | Watch Tower |
| 10:21 | Build | Farm |
| 10:35 | Queue | Villager (Male) |
| 10:43 | Build | Farm |
| 10:45 | Build | Farm |
| 11:06 | Queue | Villager (Male) |
| 11:11 | Build | Farm |
| 11:38 | Build | Mill |
| 11:38 | Queue | Villager (Male) |
| 12:06 | Queue | Villager (Male) |
| 12:17 | Queue | Villager (Male) |
| 12:37 | Build | Market |
| 12:40 | Queue | Scout Cavalry |
| 12:55 | Queue | Villager (Male) |
| 12:59 | Queue | Scout Cavalry |
| 13:02 | Build | Farm |
| 13:18 | Build | House |
| 13:19 | Build | House |
| 13:32 | Queue | Villager (Male) |
| 13:59 | Queue | Villager (Male) |
| 14:10 | Queue | Scout Cavalry |
| 14:26 | Build | Watch Tower |
| 14:54 | Queue | Villager (Male) |
| 14:55 | Queue | Villager (Male) |
| 15:19 | Queue | Villager (Male) |
| 15:23 | Build | Farm |
| 15:26 | Build | Farm |
| 15:36 | Queue | Scout Cavalry |
| 15:54 | Build | Blacksmith |
| 16:11 | Queue | Villager (Male) |
| 16:12 | Queue | Villager (Male) |
| 16:37 | Queue | Villager (Male) |
| 16:49 | Research | Scale Barding Armor |
| 17:01 | Queue | Villager (Male) |
| 17:08 | Build | Mining Camp |
| 17:20 | Build | Farm |
| 17:21 | Build | Farm |
| 17:53 | Queue | Scout Cavalry |
| 17:54 | Queue | Villager (Male) |
| 18:00 | Build | House |
| 18:06 | Build | House |
| 18:14 | Queue | Scout Cavalry |
| 18:34 | Research | Fletching |
| 18:41 | Queue | Villager (Male) |
| 18:51 | Build | Lumber Camp |
| 19:05 | Queue | Villager (Male) |
| 19:10 | Build | Farm |
| 19:10 | Build | Farm |
| 19:11 | Build | Farm |
| 19:18 | Build | House |
| 19:35 | Build | Mining Camp |
| 19:37 | Queue | Villager (Male) |
| 19:41 | Research | Wheelbarrow |
| 19:54 | Build | House |
| 19:55 | Build | House |
| 20:17 | Queue | Villager (Male) |
| 20:28 | Build | Farm |
| 20:29 | Build | Farm |
| 20:29 | Build | Farm |
| 20:30 | Build | Farm |
| 20:30 | Build | Farm |
| 20:30 | Build | Farm |
| 20:32 | Queue | Scout Cavalry |
| 21:12 | Queue | Villager (Male) |
| 21:47 | Queue | Scout Cavalry |
| 21:48 | Queue | Villager (Male) |
| 21:57 | Queue | Scout Cavalry |
| 22:03 | Build | Watch Tower |
| 22:07 | Queue | Villager (Male) |
| 22:14 | Build | Farm |
| 22:17 | Build | Farm |
| 22:54 | Build | House |
| 23:09 | Research | Castle Age |
| 23:53 | Queue | Scout Cavalry |
| 24:25 | Research | Bloodlines |
| 24:42 | Build | Farm |
| 25:11 | Build | Stable |
| 25:18 | Build | Watch Tower |
| 25:26 | Build | House |
| 25:28 | Build | House |
| 25:31 | Build | House |
| 25:33 | Build | Palisade Wall |
| 25:49 | Age | Castle Age |
| 25:52 | Queue | Knight |
| 25:53 | Queue | Knight |
| 25:57 | Queue | Knight |
| 25:57 | Queue | Knight |
| 26:01 | Research | Chain Barding Armor |
| 26:12 | Queue | Villager (Male) |
| 26:22 | Queue | Villager (Male) |
| 26:46 | Queue | Knight |
| 26:46 | Queue | Knight |
| 27:01 | Build | Town Center |
| 27:11 | Queue | Villager (Male) |
| 27:11 | Queue | Villager (Male) |
| 27:11 | Queue | Villager (Male) |
| 27:19 | Queue | Knight |
| 27:19 | Queue | Knight |
| 27:23 | Build | Mining Camp |
| 27:31 | Queue | Villager (Male) |
| 27:42 | Research | Husbandry |
| 27:45 | Queue | Knight |
| 27:45 | Queue | Knight |
| 27:57 | Queue | Villager (Male) |
| 28:02 | Research | Bow Saw |
| 28:17 | Build | Farm |
| 28:22 | Queue | Knight |
Match timeline
| 7:13 | Jak3y · wall_segment Palisade Wall x1 |
| 8:10 | Jak3y · first_building Barracks |
| 8:46 | Mingzhou · first_building Barracks |
| 8:50 | Jak3y · age_up feudal |
| 8:54 | Jak3y · first_building Stable |
| 9:16 | Mingzhou · age_up feudal |
| 9:22 | Mingzhou · first_building Archery Range |
| 9:46 | Jak3y · wall_segment Palisade Wall x1 |
| 9:49 | Jak3y · wall_segment Palisade Wall x5 |
| 13:43 | Jak3y · first_market_sell 100 food |
| 13:57 | Jak3y · first_market_buy 100 stone |
| 24:03 | Mingzhou · wall_segment Palisade Wall x1 |
| 24:04 | Mingzhou · wall_segment Palisade Wall x1 |
| 24:06 | Mingzhou · wall_segment Palisade Wall x2 |
| 24:31 | Mingzhou · first_building Stable |
| 25:33 | Jak3y · wall_segment Palisade Wall x1 |
| 25:49 | Jak3y · age_up castle |
| 27:46 | Mingzhou · age_up castle |
| 28:47 | Mingzhou · first_building Monastery |
| 29:09 | Jak3y · first_building Archery Range |
| 34:22 | Jak3y · first_building Monastery |
| 36:42 | Mingzhou · first_market_sell 100 wood |
| 36:47 | Mingzhou · first_market_buy 100 food |
| 38:18 | Jak3y · first_building Castle |
| 39:34 | Mingzhou · first_building Castle |
| 40:09 | Mingzhou · first_building Siege Workshop |
| 50:18 | Jak3y · age_up imperial |
| 50:38 | Mingzhou · resign |
[ AI ANALYSIS · 1 CREDIT ]
What really happened in this match?
Wolo.gg analyzes every decision: build order, eco, micro, common mistakes by bracket. Personalized analysis on WhatsApp or Discord in 30 seconds.
Civ guide
Huns
Perfil
Jugador #358539